 Dungeon Crawl Stone Soup version 0.28-a0-1190-g77e1c55843 (webtiles) character file.

Game seed: 465527173101420043

2505 greenreed the Reanimator (level 9, -2/57 HPs)
             Began as a Demonspawn Necromancer on Dec 18, 2021.
             Was a Believer of Vehumet.
             Slain by an orc warrior (19 damage)
             ... on level 8 of the Dungeon.
             The game lasted 01:01:32 (11665 turns).

greenreed the Reanimator (Demonspawn Necromancer)  Turns: 11665, Time: 01:01:33

Health: -2/57      AC: 15    Str:  9    XL:     9   Next: 28%
Magic:  22/29      EV: 17    Int: 20    God:    Vehumet [**....]
Gold:   378        SH:  6    Dex: 14    Spells: 16/23 levels left

rFire   + . .      SeeInvis +   r - +1 short sword (speed)
rCold   . . .      Faith    .   (no shield)
rNeg    . . .      Spirit   .   o - +6 leather armour of Cynicism {rF+ Will+}
rPois   .          Reflect  .   (helmet unavailable)
rElec   .          Harm     .   (no cloak)
rCorr   .          Rampage  .   i - +0 pair of gloves
Will    +....                   v - +0 pair of boots
Stlth   ++........              (no amulet)
HPRegen 0.19/turn               e - ring of magical power
MPRegen 0.21/turn               A - +4 ring of protection

@: agile
A: antennae 3, large bone plates 2, powered by pain 1
a: Renounce Religion


You were on level 8 of the Dungeon.
You worshipped Vehumet.
Vehumet was pleased with you.
You visited 2 branches of the dungeon, and saw 9 of its levels.

You collected 378 gold pieces.

Inventory:

Hand Weapons
 b - a +1 dagger of flaming
 r - a +1 short sword of speed (weapon)
Missiles
 u - 32 poisoned darts
 w - 117 stones
 E - 2 throwing nets
Armour
 a - a +0 robe
 i - a +0 pair of gloves (worn)
 o - the +6 leather armour of Cynicism (worn) {rF+ Will+}
   (You found it on level 4 of the Dungeon)

   rF:        It protects you from fire.
   Will:      It increases your willpower.
 v - a +0 pair of boots (worn)
Jewellery
 e - a ring of magical power (left hand)
 m - a ring of protection from cold
 A - a +4 ring of protection (right hand)
 C - a +4 ring of evasion
 G - a ring of protection from fire
Wands
 t - a wand of iceblast (9)
 H - a wand of flame (13)
 I - a wand of polymorph (6)
Scrolls
 d - 6 scrolls of identify {unknown}
 k - 3 scrolls of teleportation {unknown}
 l - a scroll of fog {unknown}
 p - a scroll of holy word {unknown}
 q - 2 scrolls of immolation {unknown}
 x - 2 scrolls of torment {unknown}
 y - a scroll of blinking {unknown}
 z - 2 scrolls of enchant armour {unknown}
 B - a scroll of noise {unknown}
 F - a scroll of amnesia {unknown}
 J - a scroll of fear {unknown}
Potions
 c - a potion of magic {unknown}
 f - 3 potions of heal wounds
 g - a potion of might {unknown}
 h - 3 potions of invisibility {unknown}
 j - 2 potions of berserk rage {unknown}
 n - a potion of attraction {unknown}
 s - a potion of cancellation {unknown}
 D - 2 potions of flight {unknown}


   Skills:
 - Level 0.1 Fighting
 + Level 2.5 Armour
 + Level 3.0 Dodging
 + Level 2.4 Stealth
 + Level 1.3 Shields
 + Level 7.6 Spellcasting
 + Level 9.2 Necromancy
 + Level 3.2 Earth Magic


You had 16 spell levels left.
You knew the following spells:

 Your Spells              Type           Power      Damage    Failure   Level
a - Pain                  Necr           100%       1d9       1%          1
b - Animate Skeleton      Necr           88%        N/A       1%          1
c - Animate Dead          Necr           22%        N/A       2%          4
d - Sandblast             Erth           40%        2d10      3%          1

Your spell library contained the following spells:

 Spells                   Type           Power      Damage    Failure   Level
 Freeze                   Ice            28%        1d5       12%         1
 Sublimation of Blood     Necr           44%        N/A       1%          2
 Vampiric Draining        Necr           44%        2d9       1%          3
 Agony                    Necr           44%        N/A       8%          5
 Gell's Gravitas          Tloc           7%         N/A       34%         3
 Ozocubu's Armour         Ice            7%         N/A       34%         3
 Teleport Other           Tloc           7%         N/A       34%         3
 Animate Armour           Summ/Erth      28%        N/A       52%         4
 Petrify                  Tmut/Erth      14%        N/A       52%         4
 Blade Hands              Tmut           3%         N/A       97%         5
 Irradiate                Conj/Tmut      3%         3d15      97%         5
 Summon Forest            Summ/Tloc      3%         N/A       97%         5
 Summon Mana Viper        Hex/Summ       7%         N/A       97%         5
 Dispersal                Tloc           3%         N/A       100%        6
 Iron Shot                Conj/Erth      7%         9d2       100%        6
 Summon Cactus Giant      Summ           3%         N/A       100%        6
 Ozocubu's Refrigeration  Ice            3%         4d5       100%        7


Dungeon Overview and Level Annotations

Branches:
Dungeon (8/15)             Temple (1/1) D:4
   Lair: D:8-11

Altars:
Ashenzari
Cheibriados
Dithmenos
Elyvilon
Fedhas
Gozag
Hepliaklqana
Kikubaaqudgha
Makhleb
Nemelex Xobeh
Okawaru
Qazlal
Ru
Trog
Uskayaw
Vehumet
Wu Jian
Xom
Zin
The Shining One

Shops:
D:4 :   D:7 :

Annotations:
D:5 Prince Ribbit
D:8 exclusion: hydra


Innate Abilities, Weirdness & Mutations

You have a pair of large antennae on your head. (SInv)
You are mostly covered in large bone plates. (SH +6)
You sometimes gain a little power by taking damage.


Message History

Casting: Sandblast (safe; 3% risk of failure)
Confirm with . or Enter, or press ? or * to list all spells.
Aiming: Sandblast (safe; 3% risk of failure)
Press: ? - help, Shift-Dir - straight line, f/p - orc warrior
Aim: an orc warrior, wielding a +0 battleaxe and wearing a +0 plate armour (heavily wounded, 81% to hit)
The blast of sand hits the orc warrior!
The orc warrior is severely wounded.
w - 120 stones The orc warrior barely misses you.
Casting: Sandblast (safe; 3% risk of failure)
Confirm with . or Enter, or press ? or * to list all spells.
Aiming: Sandblast (safe; 3% risk of failure)
Press: ? - help, Shift-Dir - straight line, f/p - orc warrior
Aim: an orc warrior, wielding a +0 battleaxe and wearing a +0 plate armour (severely wounded, 81% to hit)
The blast of sand misses the orc warrior.
w - 119 stones The orc warrior closely misses you.
Unknown command.
Casting: Sandblast (safe; 3% risk of failure)
Confirm with . or Enter, or press ? or * to list all spells.
Aiming: Sandblast (safe; 3% risk of failure)
Press: ? - help, Shift-Dir - straight line, f/p - orc warrior
Aim: an orc warrior, wielding a +0 battleaxe and wearing a +0 plate armour (severely wounded, 81% to hit)
The blast of sand hits the orc warrior but does no damage.
The orc warrior is severely wounded.
w - 118 stones The orc warrior hits you with a +0 battleaxe!
* * * LOW HITPOINT WARNING * * *
You focus on the pain.
You feel agile all of a sudden.
Casting: Sandblast (safe; 3% risk of failure)
Confirm with . or Enter, or press ? or * to list all spells.
Aiming: Sandblast (safe; 3% risk of failure)
Press: ? - help, Shift-Dir - straight line, f/p - orc warrior
Aim: an orc warrior, wielding a +0 battleaxe and wearing a +0 plate armour (severely wounded, 81% to hit)
The blast of sand hits the orc warrior but does no damage.
The orc warrior is severely wounded.
w - 117 stones The orc warrior hits you with a +0 battleaxe!!
You die...

.# .# ############ ..#
............ ...#
####.######## #####...#
............[ .......#
#####.############.).#..##
................@o........
.####.############...#####
.#....## #...# .#.....#
#### ..### .#.....##...#
..# .#####..#...#......#
....................
.######.#...#!.....# .#
#.....#


You could see an orc warrior.

Vanquished Creatures
  Grum (D:8)
  A water moccasin (D:7)
  A black bear (D:4)
  3 ogres
  3 wolves
  A centaur (D:5)
  Blork the orc (D:5)
  A kobold brigand (D:8)
  4 scorpions
  A wyvern zombie (D:6)
  A bullfrog (D:7)
  5 wights
  A howler monkey (D:4)
  A centaur zombie (D:8)
  2 jellies (D:5)
  A gnoll shaman (D:4)
  2 orc priests
  A centaur skeleton (D:6)
  4 hounds
  2 bullfrog skeletons
  3 iguanas
  3 orc wizards
  A killer bee zombie (D:5)
  A hound skeleton (D:4)
  Robin (D:3)
  7 adders
  9 gnolls
  2 white imps
  3 worms
  3 dart slugs
  13 orcs
  3 endoplasms
  2 giant cockroaches (D:3)
  8 hobgoblins
  10 jackals
  15 kobolds
  3 quokkas
  4 ball pythons
  3 bats
  2 frilled lizards (D:1)
  18 goblins
  4 rats
  A spectral hobgoblin (D:3)
156 creatures vanquished.

Vanquished Creatures (collateral kills)
  2 ball pythons (D:1)
  A giant cockroach (D:4)
  2 goblins
  A hobgoblin (D:1)
  A jackal (D:3)
  A frilled lizard (D:1)
  A kobold (D:8)
9 creatures vanquished.

Grand Total: 165 creatures vanquished

Notes
Turn   | Place    | Note
-------+----------+-------------------------------------------
     0 | D:1      | greenreed the Demonspawn Necromancer began the quest for
                  | the Orb.
     0 | D:1      | Reached XP level 1. HP: 13/13 MP: 3/3
    75 | D:1      | Learned a level 1 spell: Animate Skeleton
   225 | D:1      | Gained mutation: You have a pair of small antennae on your
                  | head. [demonic ancestry]
   225 | D:1      | Reached XP level 2. HP: 16/19 MP: 0/5
   740 | D:1      | Reached skill level 5 in Necromancy
  1133 | D:1      | Gained mutation: You sometimes gain a little power by
                  | taking damage. [demonic ancestry]
  1133 | D:1      | Reached XP level 3. HP: 22/24 MP: 3/6
  1960 | D:2      | Found a burning altar of Makhleb.
  2376 | D:2      | Reached XP level 4. HP: 22/30 MP: 8/8
  2647 | D:3      | Learned a level 4 spell: Animate Dead
  2749 | D:3      | Noticed Robin
  3075 | D:3      | Found a faded altar of an unknown god.
  3638 | D:3      | Killed Robin
  3886 | D:4      | Noticed a scorpion
  3891 | D:4      | Killed a scorpion
  3892 | D:4      | Gained mutation: You are partially covered in large bone
                  | plates. (SH +4) [demonic ancestry]
  3892 | D:4      | Reached XP level 5. HP: 31/35 MP: 10/10
  4004 | D:4      | Reached skill level 6 in Necromancy
  4135 | D:4      | Identified the +6 leather armour of Cynicism {rF+ Will+}
  4192 | D:4      | Found Cuin's Book Emporium.
  4231 | D:4      | Found a staircase to the Ecumenical Temple.
  4266 | Temple   | Entered the Ecumenical Temple
  4516 | Temple   | Became a worshipper of Vehumet
  4567 | D:4      | Gained mutation: You are mostly covered in large bone
                  | plates. (SH +6) [demonic ancestry]
  4567 | D:4      | Reached XP level 6. HP: 38/41 MP: 12/12
  4760 | D:4      | Found a snail-covered altar of Cheibriados.
  4760 | D:4      | Found an iron altar of Okawaru.
  5209 | D:5      | Entered Level 5 of the Dungeon
  5239 | D:5      | Reached skill level 5 in Spellcasting
  5239 | D:5      | Reached skill level 7 in Necromancy
  5239 | D:5      | Gained mutation: You have a pair of antennae on your head.
                  | [demonic ancestry]
  5239 | D:5      | Reached XP level 7. HP: 23/46 MP: 14/14
  5484 | D:5      | Noticed Blork the orc
  5598 | D:5      | Killed Blork the orc
  5773 | D:5      | Noticed Prince Ribbit
  5807 | D:5      | Reached skill level 1 in Armour
  6282 | D:5      | Reached * piety under Vehumet
  6282 | D:5      | Offered knowledge of Sandblast by Vehumet.
  6291 | D:4      | Learned a level 1 spell: Sandblast
  7180 | D:5      | Reached skill level 8 in Necromancy
  7180 | D:5      | Reached XP level 8. HP: 50/52 MP: 16/16
  7610 | D:6      | Found a sparkling altar of Nemelex Xobeh.
  8151 | D:6      | Reached skill level 1 in Earth Magic
  8539 | D:7      | Reached skill level 1 in Shields
  8756 | D:7      | Found Silosuc's Book Emporium.
  8782 | D:7      | Reached skill level 9 in Necromancy
 11082 | D:8      | Gained mutation: You have a pair of large antennae on your
                  | head. (SInv) [demonic ancestry]
 11082 | D:8      | Reached XP level 9. HP: 54/54 MP: 19/19
 11125 | D:8      | Noticed Grum
 11169 | D:8      | Killed Grum
 11267 | D:8      | Offered knowledge of Freeze by Vehumet.
 11344 | D:8      | Reached ** piety under Vehumet
 11626 | D:8      | Noticed a six-headed hydra
 11665 | D:8      | Slain by an orc warrior

Illustrated notes

Levels and vault maps discovered:
D:1:      amcnicky_arrival_abandoned_market, layout_rooms
D:2:      layout_basic, basic_altar
D:3:      layout_rooms, dreamdust_ecumenical_altar_drowned_temple, uniq_robin
D:4:      layout_rooms, gammafunk_temple_overflow_pools,
          minmay_temple_entry_grid, serial_shops, nicolae_diamond_shop
D:5:      layout_gridville, lightli_ossuary_entry_decrepit_ruins,
          uniq_blork_the_orc, uniq_prince_ribbit1
D:6:      layout_rooms, lemuel_doored_altar, amcnicky_altar_gilded
D:7:      layout_basic, serial_shops, shop, corexii_corridor_pit
D:8:      layout_basic, kennysheep_mini_moat, uniq_grum
Temple:   eino_temple_rhombus

Skill      XL: |  1  2  3  4  5  6  7  8  9 |
---------------+----------------------------+-----
Necromancy     | 5 6 7 8 9 |  9.2
Spellcasting   | 3 4 5 7 |  7.6
Dodging        | 2 3 |  3.0
Stealth        | 2 |  2.4
Armour         | 1 2 |  2.5
Earth Magic    | 2 3 |  3.2
Shields        | 1 |  1.3
Fighting       | |  0.1

Action                   |  1- 3 |  4- 6 |  7- 9 || total
-------------------------+-------+-------+-------++-------
Melee: Short sword       |       |    16 |    55 ||    71
 Cast: Pain              |    80 |   107 |   193 ||   380
       Animate Skeleton  |     8 |    11 |     3 ||    22
       Sandblast         |       |       |   110 ||   110
       Animate Dead      |       |       |     2 ||     2
  Use: Potion            |       |       |     5 ||     5
Armor: Robe              |    26 |    12 |       ||    38
       Leather armour    |       |     8 |    68 ||    76
Dodge: Dodged            |    50 |    50 |   136 ||   236
Block: Other             |       |     7 |    70 ||    77

Table legend: (Time is in decaauts)
 A = Elapsed time spent in this place.
 B = Non-inter-level travel time spent in this place.
 C = Inter-level travel time spent in this place.
 D = Time resting spent in this place.
 E = Time spent auto-exploring this place.
 F = Levels seen in this place.
 G = Mean time per level.
                   A        B        C        D        E       F      G
               +--------+--------+--------+--------+--------+-----+--------+
         Total |  11669 |  10906 |    763 |   3935 |   4860 |   9 | 1296.6 |
       Dungeon |  11383 |  10720 |    663 |   3935 |   4692 |   8 | 1422.9 |
        Temple |    286 |    186 |    100 |      0 |    168 |   1 |  286.0 |
               +--------+--------+--------+--------+--------+-----+--------+

Top non-repeatable levels by time:
     D:5: 1872 daAuts
     D:6: 1828 daAuts
     D:7: 1663 daAuts
     D:2: 1609 daAuts
     D:4: 1360 daAuts
     D:1: 1230 daAuts
     D:3: 1223 daAuts
     D:8: 594 daAuts
  Temple: 286 daAuts
